 Dungeon Crawl Stone Soup version 0.28-a0-653-g7e9dba17c3 (webtiles) character file.

Game seed: 2813371391895219083

8786 porpoise the Thaumaturge (level 11, -11/58 (67) HPs)
             Began as a Deep Elf Conjurer on Oct 12, 2021.
             Was a Priest of Vehumet.
             Killed from afar by Josephine (30 damage)
             ... with a ghostly fireball
             ... on level 10 of the Dungeon.
             The game lasted 00:43:14 (14259 turns).

porpoise the Thaumaturge (Deep Elf Conjurer)       Turns: 14259, Time: 00:43:21

HP:   -11/58 (67)   AC:  9    Str:  6    XL:     11   Next: 14%
MP:   29/29         EV: 20    Int: 25    God:    Vehumet [***...]
Gold: 110           SH:  0    Dex: 13    Spells: 14/34 levels left

rFire   . . .      SeeInvis .   b - +7 fustibalus "Dragon's Tongue" {vorpal, Will+}
rCold   . . .      Faith    .   (no shield)
rNeg    . . .      Spirit   .   H - +0 steam dragon scales
rPois   .          Reflect  .   f - +1 hat
rElec   .          Harm     .   O - +0 cloak
rCorr   .          Rampage  .   J - +0 pair of gloves {archery}
Will    ++...                   x - +0 pair of boots
Stlth   ++........              s - amulet of magic regeneration
HPRegen 0.19/turn               S - +4 ring of evasion
MPRegen 0.46/turn               (no ring)

@: slowed, studying Fighting, heavily drained, very slow
A: no striking features
a: Renounce Religion


You were on level 10 of the Dungeon.
You worshipped Vehumet.
Vehumet was most pleased with you.
You visited 2 branches of the dungeon, and saw 12 of its levels.

You collected 635 gold pieces.
You spent 525 gold pieces at shops.

Inventory:

Hand Weapons
 b - the +7 fustibalus "Dragon's Tongue" (weapon) {vorpal, Will+}
   (You bought it in a shop on level 8 of the Dungeon)

   Any ammunition fired from it inflicts extra damage upon your enemies.
   Will:      It increases your willpower.
 R - the +2 hunting sling of Execution {speed, Str+4}
   (You found it on level 10 of the Dungeon)

   Attacks with this weapon are significantly faster.
   Str:       It affects your strength (+4).
Missiles
 d - 71 sling bullets
 h - 52 poisoned darts (quivered)
 n - 277 stones (quivered ammo)
 G - 2 boomerangs
Armour
 f - a +1 hat (worn)
 x - a +0 pair of boots (worn)
 H - +0 steam dragon scales (worn)
 J - a +0 pair of gloves of archery (worn)
 O - a +0 cloak (worn)
Magical Staves
 a - a staff of conjuration
 j - a staff of air
Jewellery
 s - an amulet of magic regeneration (around neck)
 L - a ring of fire
 M - an amulet of reflection
 S - a +4 ring of evasion (left hand)
Wands
 o - a wand of flame (12)
 q - a wand of iceblast (20)
 A - a wand of digging (6)
 D - a wand of polymorph (20)
 Q - a wand of charming (4)
Scrolls
 g - a scroll of enchant weapon
 i - 3 scrolls of fear
 k - a scroll of blinking
 l - a scroll of silence
 t - a scroll of immolation
 u - 2 scrolls of vulnerability
 y - 2 scrolls of enchant armour
 z - 2 scrolls of teleportation
 B - a scroll of noise
 C - a scroll of identify
 F - a scroll of holy word
Potions
 c - a potion of lignification
 m - 4 potions of haste
 p - 4 potions of attraction
 r - 6 potions of curing
 v - a potion of flight
 w - 2 potions of ambrosia
 E - 2 potions of mutation
 I - a potion of invisibility
 N - 2 potions of might {unknown}
 P - a potion of berserk rage {unknown}


   Skills:
 - Level 7.0 Fighting
 + Level 8.9 Dodging
 - Level 2.4 Stealth
 - Level 12.0 Spellcasting
 + Level 7.0 Conjurations
 - Level 7.0 Hexes
 - Level 7.0 Translocations
 - Level 7.0 Fire Magic


You had 14 spell levels left.
You knew the following spells:

 Your Spells              Type           Power      Damage    Failure   Level
a - Magic Dart            Conj           100%       1d8       1%          1
b - Searing Ray           Conj           100%       2d8       1%          2
c - Fulminant Prism       Conj/Hex       25%        3d14      1%          4
d - Iskenderun's Mystic   Conj/Tloc      50%        2d11      1%          4
v - Borgnjor's Vile Clut  Necr/Erth      7%         N/A       73%         5
w - Flame Wave            Conj/Fire      50%        3d10      1%          4

Your spell library contained the following spells:

 Spells                   Type           Power      Damage    Failure   Level
 Poisonous Vapours        Pois/Air       30%        N/A       1%          2
 Freeze                   Ice            60%        1d8       1%          1
 Shock                    Conj/Air       100%       1d9       1%          1
 Scorch                   Fire           100%       2d10      1%          2
 Conjure Flame            Conj/Fire      50%        6-21      1%          3
 Dazzling Flash           Conj/Hex       100%       N/A       1%          3
 Ignite Poison            Fire/Tmut/Pois 26%        N/A       1%          3
 Mephitic Cloud           Conj/Pois/Air  26%        N/A       1%          3
 Sticky Flame             Conj/Fire      50%        2d7       1%          4
 Passage of Golubria      Tloc           N/A        N/A       2%          4
 Animate Skeleton         Necr           30%        N/A       4%          1
 Pain                     Necr           60%        1d7       4%          1
 Airstrike                Air            7%         N/A       11%         4
 Swiftness                Air            15%        N/A       12%         3
 Vampiric Draining        Necr           7%         2d7       12%         3
 Silence                  Hex/Air        16%        N/A       26%         5
 Animate Dead             Necr           7%         N/A       36%         4
 Death Channel            Necr           7%         N/A       99%         6
 Summon Cactus Giant      Summ           7%         N/A       99%         6
 Ozocubu's Refrigeration  Ice            7%         4d6       99%         7
 Lehudib's Crystal Spear  Conj/Erth      16%        10d5      100%        8
 Polar Vortex             Ice            7%         N/A       100%        9


Dungeon Overview and Level Annotations

Branches:
Dungeon (11/15)            Temple (1/1) D:6
   Lair: D:8-11         Orc: D:9-12

Altars:
Ashenzari
Cheibriados
Dithmenos
Elyvilon
Fedhas
Gozag
Hepliaklqana
Kikubaaqudgha
Makhleb
Nemelex Xobeh
Okawaru
Qazlal
Ru
Sif Muna
Trog
Uskayaw
Vehumet
Wu Jian
Xom
Yredelemnul
Zin
The Shining One

Shops:
D:4 !   D:8 (*   D:9 *

Annotations:
D:3 1 runed translucent door, blank1's ghost, amateur MiFi
D:10 Josephine


Message History

Unknown command.
Casting: Iskenderun's Mystic Blast (dangerous; 1% risk of failure)
Confirm with . or Enter, or press ? or * to list all spells.
You erupt in a blast of force!
The mystic blast hits Josephine.
Josephine is heavily wounded.
Josephine is knocked back by the mystic blast.
Josephine slams into the rock wall!
The mystic blast hits the wraith.
The wraith is heavily damaged.
The wraith is knocked back by the mystic blast.
The mystic blast hits the wraith.
The wraith is moderately damaged.
The wraith is knocked back by the mystic blast.
Josephine gestures at you while chanting.
The ghostly flame explodes!
The ghostly fireball engulfs you!
You feel drained.
Casting: Iskenderun's Mystic Blast (dangerous; 1% risk of failure)
Confirm with . or Enter, or press ? or * to list all spells.
You erupt in a blast of force!
The mystic blast hits the wraith.
The wraith is severely damaged.
The wraith is knocked back by the mystic blast.
The mystic blast hits Josephine!
Josephine is severely wounded.
Josephine is knocked back by the mystic blast.
The mystic blast hits the wraith but does no damage.
The wraith is moderately damaged.
You feel yourself speed up. The wraith barely misses you.
Josephine grins malevolently.
Josephine casts a spell at you.
The ghostly flame explodes!
The ghostly fireball engulfs you!
You feel drained.
The ghostly fireball engulfs the wraith.
The wraith completely resists.
The ghostly fireball engulfs the wraith.
The wraith completely resists.
Magic courses through your body. The wraith hits you.
The wraith drains your vigour!
You feel yourself slow down. Josephine casts a spell at you.
The ghostly flame explodes!
The ghostly fireball engulfs you!!
You feel drained.
Ouch! That really hurt!
You die...

#.# #.# #.#...#
#.####.####.#.#.#
#.#.......#.#.#.#
#.#.......#.#.#.##
########
#.#.......#.#....#
#......#
.................###
#.####.#
.##...........@....####.#
#.#
.##...)<........##...##.#
#.####
.##...)..[......@..#.##.#
#....#
...............WW###.##.#
####.#
.........#####..........#
#.# ####...###
#######.#### #.# #.###
#...## #.# #.######
#....# #.# #......#
#....# #.# ######.#
####.# ####.# #.# #.#
#.....


You could see Josephine (fast) and 2 wraiths.

Vanquished Creatures
  A boulder beetle (D:11)
  4 two-headed ogres
  A manticore (D:10)
  Maggie (D:7)
  A hornet (D:9)
  A troll (D:11)
  3 wyverns
  A wraith (D:9)
  Menkaure (D:5)
  An acid dragon (D:9)
  Duvessa (D:5)
  A water moccasin (D:6)
  6 orc warriors
  2 ogres
  6 centaurs
  A phantom (D:4)
  2 kobold brigands
  A bullfrog (D:9)
  A gnoll sergeant (D:7)
  2 scorpions
  Dowan (D:5)
  A water moccasin skeleton (D:4)
  8 killer bees
  6 wights
  A bullfrog zombie (D:5)
  4 howler monkeys
  2 centaur zombies
  5 orc priests
  2 hounds (D:5)
  A centaur skeleton (D:5)
  A gnoll shaman (D:7)
  3 iguanas
  5 orc wizards
  A killer bee zombie (D:8)
  2 howler monkey zombies
  11 gnolls
  9 adders
  A white imp (D:7)
  3 ufetubi
  An adder zombie (D:5)
  A dart slug (D:5)
  41 orcs
  4 endoplasms
  3 giant cockroaches
  8 goblins
  6 hobgoblins
  2 jackals (D:4)
  4 quokkas
  10 ball pythons
  5 bats
  6 frilled lizards
  18 kobolds
  4 rats
218 creatures vanquished.

Vanquished Creatures (others)
  23 fulminant prisms
23 creatures vanquished.

Grand Total: 241 creatures vanquished

Notes
Turn   | Place    | Note
-------+----------+-------------------------------------------
     0 | D:1      | porpoise the Deep Elf Conjurer began the quest for the Orb.
     0 | D:1      | Reached XP level 1. HP: 10/10 MP: 6/6
    10 | D:1      | Found a faded altar of an unknown god.
   304 | D:1      | Reached XP level 2. HP: 15/15 MP: 5/8
   307 | D:1      | Learned a level 2 spell: Searing Ray
   486 | D:1      | Reached skill level 5 in Conjurations
   998 | D:2      | Reached XP level 3. HP: 19/19 MP: 5/10
  1942 | D:3      | Reached skill level 4 in Spellcasting
  2185 | D:3      | Reached XP level 4. HP: 24/24 MP: 6/12
  2342 | D:3      | Found a runed translucent door.
  2342 | D:3      | Noticed blank1's ghost (amateur MiFi)
  2366 | D:3      | You fall into a shaft and drop 2 floors!
  2366 | D:5      | Entered Level 5 of the Dungeon
  2366 | D:5      | Noticed a scorpion
  2440 | D:4      | Found an ancient bone altar of Kikubaaqudgha.
  2902 | D:3      | Learned a level 4 spell: Fulminant Prism
  2907 | D:3      | Learned a level 4 spell: Iskenderun's Mystic Blast
  2932 | D:3      | Found a blossoming altar of Fedhas.
  3281 | D:4      | Noticed a phantom
  3288 | D:4      | Killed a phantom
  3289 | D:4      | Reached skill level 5 in Spellcasting
  3289 | D:4      | Reached XP level 5. HP: 23/28 MP: 5/14
  3485 | D:4      | Found a shimmering altar of Xom.
  3571 | D:4      | Reached XP level 6. HP: 32/32 MP: 12/16
  3613 | D:4      | Found Ybaz's Distillery.
  3866 | D:4      | Reached skill level 6 in Spellcasting
  4062 | D:4      | Learned a level 4 spell: Flame Wave
  4565 | D:5      | Reached skill level 5 in Hexes
  4725 | D:5      | Reached skill level 7 in Spellcasting
  4725 | D:5      | Reached XP level 7. HP: 36/36 MP: 14/19
  4842 | D:5      | Reached skill level 1 in Translocations
  4853 | D:5      | Noticed Menkaure
  4867 | D:5      | Killed Menkaure
  5266 | D:5      | Noticed Dowan
  5270 | D:5      | Noticed Duvessa
  5272 | D:5      | Noticed a two-headed ogre
  5272 | D:5      | Killed Duvessa
  5273 | D:5      | Reached XP level 8. HP: 41/41 MP: 13/20
  5284 | D:5      | Killed Dowan
  5284 | D:5      | Killed a two-headed ogre
  5665 | D:6      | Reached skill level 1 in Fighting
  5695 | D:6      | Found a staircase to the Ecumenical Temple.
  5743 | Temple   | Entered the Ecumenical Temple
  5815 | Temple   | Became a worshipper of Vehumet
  6712 | D:6      | Reached skill level 8 in Spellcasting
  7031 | D:7      | Reached XP level 9. HP: 49/51 MP: 17/23
  7497 | D:7      | Reached * piety under Vehumet
  7497 | D:7      | Offered knowledge of Foxfire by Vehumet.
  7808 | D:7      | Noticed Maggie
  7818 | D:7      | Killed Maggie
  7819 | D:7      | Reached skill level 5 in Fighting
  7819 | D:7      | Reached skill level 9 in Spellcasting
  8734 | D:8      | Learned a level 5 spell: Borgnjor's Vile Clutch
  8738 | D:8      | Identified 2 scrolls of acquirement
  8738 | D:8      | Acquired a +0 pair of gloves of archery
  8750 | D:8      | Acquired a staff of conjuration
  8945 | D:8      | Found Xycvomun's Elemental Accessories.
  8976 | D:8      | Reached skill level 10 in Spellcasting
  9577 | D:8      | Offered knowledge of Static Discharge by Vehumet.
  9697 | D:8      | Found Rodimuun's Antique Weapon Shop.
 10260 | D:9      | Noticed a two-headed ogre
 10266 | D:9      | Killed a two-headed ogre
 10267 | D:9      | Reached skill level 11 in Spellcasting
 10316 | D:9      | Found a burning altar of Makhleb.
 10330 | D:9      | Reached XP level 10. HP: 63/63 MP: 24/27
 10333 | D:9      | Reached ** piety under Vehumet
 10540 | D:9      | Reached skill level 12 in Spellcasting
 10774 | D:9      | Reached skill level 1 in Fire Magic
 10999 | D:9      | Got the Catalogue of Frigorific Lightness
 11106 | D:9      | Found a sparkling altar of Nemelex Xobeh.
 11106 | D:9      | Found a bloodstained altar of Trog.
 11199 | D:9      | Found Testroet's Serpentskin Sales.
 11314 | D:9      | Bought 3 curare-tipped darts for 25 gold pieces
 11355 | D:9      | Reached skill level 5 in Dodging
 12237 | D:8      | Bought a fine fustibalus for 500 gold pieces
 12237 | D:8      | Identified the +7 fustibalus "Dragon's Tongue" {vorpal,
                  | Will+} (You bought it in a shop on level 8 of the Dungeon)
 12317 | D:10     | Entered Level 10 of the Dungeon
 12502 | D:10     | Offered knowledge of Poisonous Vapours by Vehumet.
 12595 | D:10     | Noticed a manticore
 12604 | D:10     | Killed a manticore
 12890 | D:10     | Reached skill level 5 in Fire Magic
 13221 | D:10     | Noticed a two-headed ogre
 13229 | D:10     | Killed a two-headed ogre
 13535 | D:10     | Identified the +2 hunting sling of Execution {speed, Str+4}
 13989 | D:11     | Noticed a boulder beetle
 13989 | D:11     | Noticed a two-headed ogre
 14002 | D:11     | Killed a boulder beetle
 14003 | D:11     | Reached XP level 11. HP: 61/67 MP: 14/29
 14004 | D:11     | Killed a two-headed ogre
 14005 | D:11     | Reached *** piety under Vehumet
 14249 | D:11     | Noticed Josephine
 14259 | D:10     | Killed from afar by Josephine

Illustrated notes

Levels and vault maps discovered:
D:1:      dpeg_arrival_shrine, layout_loops_ring, ebering_ecumenical_altar_hall,
          minmay_heptomino_o4
D:2:      layout_rooms
D:3:      layout_basic, lemuel_doored_altar, gammafunk_ghost_grave,
          kennysheep_generic_room_5
D:4:      layout_rooms, amcnicky_altar_gilded, kennysheep_little_box,
          serial_shops, shop, nrook_campfire, hangedman_decor_peaks_small
D:5:      layout_cave_pods, chequers_serial_rivers_micro_c,
          minmay_manual_monstrance, uniq_duvessa, uniq_menkaure
D:6:      layout_loops_ring, minmay_temple_entry_statues,
          serial_co_window_serial, co_window_corner_a, co_window_corner_a,
          co_window_paths_a, co_window_of_opportunity_a, co_window_corner_a,
          co_window_broadway_a, co_window_2corner, co_window_corner_cb,
          co_window_broadway_a, co_window_of_opportunity_b, co_window_paths_c
D:7:      layout_loops_corners, serial_bayou_pond_d, uniq_maggie
D:8:      layout_basic, serial_shops, shop, minivault_4, nicolae_elemental_shop
D:9:      layout_roguey, mainiacjoe_overflow_large_starburst, bloody_makhleb,
          hangedman_abyss_or_decor_passed, minivault_27, st_stairs_14,
          minmay_misc_feat_ornament, guppyfry_shop_venom
D:10:     layout_loops_ring
D:11:     layout_basic, minmay_lair_entry_grove, uniq_josephine, uniq_urug
Temple:   compressed_dpeg_circular_temple

Skill      XL: |  1  2  3  4  5  6  7  8  9 10 11 |
---------------+----------------------------------+-----
Conjurations   | 5 6 7 |  7.0
Spellcasting   | 4 5 7 8 11 12 | 12.0
Hexes          | 2 3 5 7 |  7.0
Translocations | 3 7 |  7.0
Fighting       | 3 7 |  7.0
Dodging        | 8 |  8.9
Fire Magic     | 6 7 |  7.0
Stealth        | |  2.4

Action                   |  1- 3 |  4- 6 |  7- 9 | 10-12 || total
-------------------------+-------+-------+-------+-------++-------
Melee: Staff             |       |       |       |     2 ||     2
 Fire: Hunting sling     |     6 |    26 |    58 |    12 ||   102
       Fustibalus        |       |       |       |    29 ||    29
Throw: Dart              |       |       |       |     5 ||     5
 Cast: Magic Dart        |    53 |     8 |     4 |     1 ||    66
       Searing Ray       |     7 |    27 |    52 |    25 ||   111
       Fulminant Prism   |       |       |    13 |    10 ||    23
       Iskenderun's Myst |       |       |     8 |    34 ||    42
  Use: Scroll            |       |     7 |     8 |     6 ||    21
       Potion            |       |       |       |     1 ||     1
Armor: Robe              |     2 |     4 |     3 |       ||     9
       Steam dragon scal |       |       |     8 |    29 ||    37
Dodge: Dodged            |     1 |    18 |    27 |    46 ||    92

Table legend: (Time is in decaauts)
 A = Elapsed time spent in this place.
 B = Non-inter-level travel time spent in this place.
 C = Inter-level travel time spent in this place.
 D = Time resting spent in this place.
 E = Time spent auto-exploring this place.
 F = Levels seen in this place.
 G = Mean time per level.
                   A        B        C        D        E       F      G
               +--------+--------+--------+--------+--------+-----+--------+
         Total |  14298 |  13800 |    498 |   6036 |   6267 |  12 | 1191.5 |
       Dungeon |  14215 |  13727 |    488 |   6036 |   6210 |  11 | 1292.3 |
        Temple |     82 |     72 |     10 |      0 |     57 |   1 |   82.0 |
               +--------+--------+--------+--------+--------+-----+--------+

Top non-repeatable levels by time:
     D:8: 2303 daAuts
    D:10: 1933 daAuts
     D:9: 1702 daAuts
     D:5: 1562 daAuts
     D:7: 1309 daAuts
     D:6: 1281 daAuts
     D:3: 1257 daAuts
     D:1: 1117 daAuts
     D:4: 913 daAuts
     D:2: 812 daAuts
  Temple: 82 daAuts
    D:11: 23 daAuts
